 Dungeon Crawl Stone Soup version 0.23.0-3-gf3c87f2 (webtiles) character file.

Game seed: 4308650615221218801

1309 Gorice the Cleaver (level 8, -6/64 HPs)
             Began as a Minotaur Wanderer on Feb 22, 2019.
             Was an Initiate of Makhleb.
             Killed from afar by a steam dragon (21 damage)
             ... with a ball of steam
             ... on level 6 of the Dungeon.
             The game lasted 00:25:30 (6741 turns).

Gorice the Cleaver (Minotaur Wanderer)              Turns: 6741, Time: 00:25:32

Health: -6/64      AC: 10    Str: 20    XL:     8   Next: 32%
Magic:  7/7        EV:  8    Int:  9    God:    Makhleb [......]
Gold:   203        SH:  0    Dex:  9    Spells: 7/7 levels left

rFire    . . .     SeeInvis .   a - +0 hand axe
rCold    . . .     Gourm    .   (no shield)
rNeg     . . .     Faith    .   y - +0 chain mail
rPois    .         Spirit   .   (helmet restricted)
rElec    .         Reflect  .   (no cloak)
rCorr    +         Harm     .   (no gloves)
MR       +....                  (no boots)
Stlth    ..........             t - amulet of rage
HPRegen  0.20/turn              m - ring of protection from magic
MPRegen  0.10/turn              C - ring of resist corrosion

@: lightly drained
A: retaliatory headbutt, horns 2
a: Renounce Religion, Evoke Berserk Rage


You were on level 6 of the Dungeon.
You worshipped Makhleb.
Makhleb was noncommittal.
You were not hungry.

You visited 2 branches of the dungeon, and saw 7 of its levels.
You also visited: Sewer and Ossuary.

You collected 293 gold pieces.
You spent 90 gold pieces at shops.

Inventory:

Hand Weapons
 a - a +0 hand axe (weapon)
 b - a +2 blowgun
 o - a +1 whip of draining
   (You found it on level 2 of the Dungeon)
 G - a +1 flail of draining
   (You took it off an orc on level 6 of the Dungeon)
Missiles
 c - 2 curare-tipped needles
 k - 56 poisoned needles
 D - 10 javelins (quivered)
 Y - 70 stones
Armour
 d - a +1 ring mail
 y - a +0 chain mail (worn)
Jewellery
 i - an uncursed ring of see invisible
 m - a ring of protection from magic (left hand)
 t - an amulet of rage (around neck)
 C - a ring of resist corrosion (right hand)
 F - an uncursed ring of flight
Wands
 e - a wand of paralysis (10)
Scrolls
 j - 3 scrolls of remove curse
 p - 5 scrolls of fog
 q - 2 scrolls of magic mapping {!r}
 z - 2 scrolls of blinking
 E - a scroll of vulnerability {unknown}
 H - a scroll of enchant armour
Potions
 g - 3 potions of heal wounds {!q}
 h - 3 potions of agility {!q}
 l - 3 potions of mutation {!q}
 n - a potion of cancellation {!q}
 r - a potion of resistance {!q}
 u - a potion of berserk rage
 v - a potion of haste {!q}
 w - a potion of magic {unknown}
 x - a potion of lignification {unknown}
 A - 2 potions of might {!q}
 B - 2 potions of flight
 J - 2 potions of brilliance {!q}
Comestibles
 f - 10 rations
 s - 4 chunks of flesh


   Skills:
 - Level 3.6(3.1) Fighting
 * Level 9.9(9.3) Axes
 - Level 2.0(1.5) Throwing
 + Level 7.0(6.5) Armour
 - Level 1.1(0.6) Dodging
 - Level 1.5(1.1) Stealth


You had 7 spell levels left.
You didn't know any spells.
Your spell library contained the following spells:

 Spells                   Type           Power        Failure   Level  Hunger
 Beastly Appendage        Tmut           #.....       98%         1    ##.....


Dungeon Overview and Level Annotations

Branches:
Dungeon (6/15)             Temple (1/1) D:5

Altars:
Elyvilon
Fedhas
Hepliaklqana
Kikubaaqudgha
Makhleb
Nemelex Xobeh
Okawaru
Qazlal
Sif Muna
Uskayaw
Vehumet
Wu Jian
Xom
Yredelemnul
Zin
The Shining One

Shops:
D:4 !

Annotations:
D:5 vault needs dig?


Innate Abilities, Weirdness & Mutations

You reflexively headbutt those who attack you in melee.
You have a pair of horns on your head.


Message History

No target in view!
No target in view!
As you open the door, it creaks loudly!
There is an open door here.
e - a wand of paralysis (10)
There is a shaft here.
A steam dragon comes into view.
The steam dragon hisses angrily.
The steam dragon moves out of view.
The steam dragon breathes steam at you. The ball of steam hits you!
You hear an angry hiss.
Damage: 17 (max 17)
You hit the steam dragon.
The steam dragon is lightly wounded.
The steam dragon bites you.
The steam dragon claws you but does no damage.
Damage: 1 (max 17)
You closely miss the steam dragon.
The steam dragon is lightly wounded.
You hit the steam dragon.
The steam dragon is lightly wounded.
The steam dragon bites you but does no damage.
The steam dragon claws you but does no damage.
Some of the chunks of flesh in your inventory have rotted away.
You closely miss the steam dragon.
The steam dragon is lightly wounded.
The steam dragon barely misses you. The steam dragon closely misses you.
You completely miss the steam dragon.
The steam dragon is lightly wounded.
The steam dragon bites you.
The steam dragon claws you but does no damage.
Damage: 3 (max 17)
You hit the steam dragon.
The steam dragon is moderately wounded.
The steam dragon breathes steam at you. The ball of steam hits you!!
Damage: 19 (max 19)
You hit the steam dragon but do no damage.
You headbutt the steam dragon, but do no damage.
The steam dragon is moderately wounded.
You are engulfed in a cloud of scalding steam.
Damage: 2 (max 19)
You closely miss the steam dragon.
The steam dragon is moderately wounded.
You are engulfed in a cloud of scalding steam.
* * * LOW HITPOINT WARNING * * *
The steam dragon breathes steam at you. The ball of steam hits you!!
You die...

#.#####.######
#............#
#............#
#............#
#............#
#.#######.####
#.# ####..#
#^###§≈≈##.#
#..#@D.≈≈#..
#..§§.8.≈##.#
#..#....≈#
#....##....≈#
##.#.# ###§§#
#.#.# §§#
....# ≈#
.#...# # .. ..


You could see a steam dragon.

Vanquished Creatures
  A wraith (Ossuary)
  Menkaure (D:4)
  Purgy (Sewer)
  A bullfrog (D:6)
  2 scorpions
  A howler monkey (D:6)
  A centaur skeleton (D:4)
  A jelly (D:4)
  3 orc priests
  A bullfrog skeleton (D:5)
  4 orc wizards
  3 worker ants
  2 mummies
  2 worker ant zombies
  Robin (D:3)
  3 gnolls (D:4)
  13 adders
  3 river rats (D:3)
  An adder skeleton (D:4)
  6 worms
  3 dart slugs
  4 leopard geckos
  12 orcs
  A giant cockroach (D:3)
  16 goblins
  6 hobgoblins
  14 jackals
  6 kobolds
  2 quokkas
  17 bats
  5 frilled lizards
  2 gnoll skeletons (Ossuary)
  A jackal zombie (D:5)
  6 kobold skeletons (Ossuary)
  A leopard gecko skeleton (D:4)
  17 orc skeletons (Ossuary)
  A quokka skeleton (D:4)
  7 rats
172 creatures vanquished.

Notes
Turn   | Place    | Note
-------+----------+-------------------------------------------
     0 | D:1      | Gorice the Minotaur Wanderer began the quest for the Orb.
     0 | D:1      | Gorice set off with the following items: 3 curare-tipped
                  | needles, a +2 blowgun, a +0 hand axe, a +0 ring mail, a +0
                  | dagger, a ration
     0 | D:1      | Reached XP level 1. HP: 19/19 MP: 0/0
   357 | D:1      | Reached skill level 2 in Axes
   399 | D:1      | Reached XP level 2. HP: 16/26 MP: 1/1
   631 | D:1      | Reached skill level 2 in Armour
  1078 | D:1      | Reached skill level 3 in Axes
  1129 | D:1      | Reached XP level 3. HP: 26/31 MP: 2/2
  1905 | D:3      | Reached skill level 4 in Axes
  1905 | D:3      | Reached XP level 4. HP: 36/39 MP: 3/3
  1922 | D:3      | Reached skill level 3 in Armour
  2129 | D:3      | HP: 11/39 [river rat (5)]
  2130 | D:3      | HP: 4/39 [river rat (6)]
  2148 | D:3      | Reached XP level 5. HP: 12/45 MP: 4/4
  2297 | D:3      | Reached skill level 5 in Axes
  2346 | D:3      | Found a glowing drain.
  2353 | Sewer    | Entered a sewer
  2474 | Sewer    | Noticed Purgy
  2487 | Sewer    | Killed Purgy
  2487 | Sewer    | Reached skill level 4 in Armour
  2740 | D:3      | Noticed Robin
  2750 | D:3      | Killed Robin
  2750 | D:3      | Reached skill level 6 in Axes
  2750 | D:3      | Reached XP level 6. HP: 49/51 MP: 5/5
  3549 | D:4      | HP: 13/51 [gnoll/+0 halberd (8)]
  3554 | D:4      | HP: 9/51 [gnoll/+0 halberd (3)]
  3564 | D:4      | HP: 9/51 [jackal (1)]
  3589 | D:4      | HP: 11/51 [gnoll/+0 halberd (12)]
  3798 | D:4      | Found a sand-covered staircase.
  3811 | Ossuary  | Entered an ossuary
  3811 | Ossuary  | Noticed a wraith
  3811 | Ossuary  | Noticed a wraith
  3811 | Ossuary  | Noticed a wraith
  4109 | Ossuary  | Reached skill level 7 in Axes
  4174 | Ossuary  | Noticed a wraith
  4216 | Ossuary  | Killed a wraith
  4216 | Ossuary  | Reached skill level 5 in Armour
  4216 | Ossuary  | Reached XP level 7. HP: 57/57 MP: 6/6
  4336 | D:4      | Noticed Menkaure
  4351 | D:4      | Killed Menkaure
  4351 | D:4      | Reached skill level 8 in Axes
  4580 | D:4      | Found Coosych's Distillery.
  4635 | D:4      | Bought a potion of degeneration for 10 gold pieces
  4674 | D:4      | Reached skill level 6 in Armour
  5172 | D:5      | Entered Level 5 of the Dungeon
  5229 | D:5      | Found a radiant altar of Vehumet.
  5229 | D:5      | Found an ancient bone altar of Kikubaaqudgha.
  5230 | D:5      | Found a deep blue altar of Sif Muna.
  5250 | D:5      | Identified Sif Muna's Volume of Shape Shifting
  5288 | D:5      | Found a burning altar of Makhleb.
  5288 | D:5      | Noticed a green death
  5291 | D:5      | Noticed a smoke demon
  5291 | D:5      | Noticed a hellwing
  5293 | D:5      | Became a worshipper of Makhleb the Destroyer
  5344 | D:5      | Found a hazy altar of Hepliaklqana.
  5345 | D:5      | Found a shimmering altar of Xom.
  5345 | D:5      | Noticed a yak
  5346 | D:5      | Noticed a yak
  5346 | D:5      | Noticed a spectral ugly thing
  5394 | D:5      | Found a staircase to the Ecumenical Temple.
  5407 | Temple   | Entered the Ecumenical Temple
  5616 | D:5      | Reached skill level 9 in Axes
  6149 | D:4      | Bought a potion of cancellation for 80 gold pieces
  6177 | D:6      | Reached XP level 8. HP: 49/64 MP: 7/7
  6535 | D:6      | Reached skill level 7 in Armour
  6741 | D:6      | HP: 15/64 [steam dragon] (8)]
  6741 | D:6      | Killed from afar by a steam dragon

Skill      XL: |  1  2  3  4  5  6  7  8 |
---------------+-------------------------+-----
Axes           | 2 3 4 6 7 9 |  9.9
Armour         | 2 3 4 5 6 7 |  7.0
Fighting       | |  3.6
Throwing       | |  2.0
Dodging        | |  1.1
Stealth        | |  1.5

Action                   |  1- 3 |  4- 6 |  7- 9 || total
-------------------------+-------+-------+-------++-------
Melee: Hand axe          |    88 |   244 |   168 ||   500
       Headbutt          |     9 |    44 |    25 ||    78
 Fire: Blowgun           |       |    12 |       ||    12
  Use: Scroll            |     8 |     6 |     7 ||    21
       Potion            |       |     4 |       ||     4
 Stab: Sleeping          |     1 |       |       ||     1
  Eat: Chunk             |     2 |     8 |     9 ||    19
Armor: Ring mail         |    41 |    57 |       ||    98
       Chain mail        |       |    75 |    91 ||   166
Dodge: Dodged            |    59 |   108 |    47 ||   214

Table legend:
 A = Turns spent in this place as a percentage of turns spent in the entire game.
 B = Non-inter-level travel turns spent in this place as a percentage of non-inter-level travel turns spent in the entire game.
 C = Inter-level travel turns spent in this place as a percentage of turns spent in this place.
 D = Turns resting spent in this place as a percentage of non-inter-level travel turns spent in this place.
 E = Turns spent auto-exploring this place as a percentage of non-inter-level travel turns spent in this place.
 F = Non-inter-level travel turns spent in this place divided by the number of levels of this place that you've seen.
                   A       B       C       D       E      F
               +-------+-------+-------+-------+-------+----------------------
         Total | 100.0 | 100.0 |   2.9 |  31.4 |  38.5 | 727.6
       Dungeon |  88.3 |  88.0 |   3.1 |  28.4 |  42.9 | 960.8
        Temple |   0.8 |   0.7 |  11.3 |   0.0 |  95.7 |  47.0
         Sewer |   3.6 |   3.8 |   0.0 |  49.2 |   0.0 | 246.0
       Ossuary |   7.3 |   7.5 |   0.0 |  60.2 |   0.0 | 490.0
               +-------+-------+-------+-------+-------+----------------------

Levels and vault maps discovered:
D:1:      minmay_arrival_jagged, layout_basic
D:2:      layout_rooms, first_ration, item_on_display_a
D:3:      layout_basic, lightli_sewer_entry_pipes, uniq_robin
D:4:      layout_loops_ring, serial_shops, shop, gup_ossuary_entry_pyramid,
          abandoned_shop, uniq_menkaure
D:5:      layout_gridville, grunt_temple_overflow_magic_moments,
          regret_index_temple_of_mockery, makhleb_altar_promises_db,
          minmay_temple_entry_hall
D:6:      cheibrodos_steamvent, layout_basic, serial_shops, shop
Temple:   eino_wide_crystal_templ
Sewer:    sewer_big_baddie
Ossuary:  ossuary_due_mausoleum
